 Dungeon Crawl Stone Soup version 0.20.1-1-g8b1a95d (webtiles) character file.

2603 Folque the Destroyer (level 9, -13/54 HPs)
             Began as an Octopode Wizard on Nov 11, 2017.
             Was a Priest of Sif Muna.
             Mangled by a two-headed ogre
             ... wielding a +0 giant club
              (17 damage)
             ... on level 8 of the Dungeon.
             The game lasted 00:39:39 (9205 turns).

Folque the Destroyer (Octopode Wizard)              Turns: 9205, Time: 00:39:41

Health: -13/54     AC:  1    Str:  6    XL:     9   Next: 59%
Magic:  5/19       EV: 13    Int: 24    God:    Sif Muna [***...]
Gold:   359        SH:  0    Dex: 10    Spells: 14/22 levels left

rFire    . . .     SeeInvis .   s - +0 quarterstaff
rCold    . . .     Gourm    .   (shield currently unavailable)
rNeg     . . .     Faith    .   a - +0 hat
rPois    .         Spirit   .   (no amulet)
rElec    .         Reflect  .   (no ring)
rCorr    .         Harm     .   (no ring)
MR       .....                  (no ring)
Stlth    +++.......             (no ring)
Regen    0.2/turn               (no ring)
MPRegen  0.2/turn               (no ring)
                                (no ring)
                                (no ring)

@: divine energy
A: almost no armour, stealthy swim, amphibious, 8 rings, constrict 8, camouflage
1, gelatinous body 1
a: Stop Divine Energy, Channel Magic, Renounce Religion


You were on level 8 of the Dungeon.
You worshipped Sif Muna.
Sif Muna was most pleased with you.
You were hungry.

You visited 2 branches of the dungeon, and saw 9 of its levels.
You also visited: Sewer.

You collected 359 gold pieces.

Inventory:

Hand Weapons
 d - a +0 short sword
 r - a +1 spear
 s - a +0 quarterstaff (weapon)
Missiles
 y - 11 javelins (quivered)
Armour
 a - a +0 hat (worn)
 D - a +0 buckler
Jewellery
 u - an uncursed ring of ice
 w - an uncursed amulet of regeneration {unknown}
 G - a cursed ring of loudness {unknown}
Wands
 C - a wand of iceblast (0/15)
 F - a wand of disintegration (2/24)
 I - a wand of acid (3/15)
Scrolls
 i - a scroll of enchant weapon
 q - 5 scrolls of remove curse
 x - a scroll of blinking
 B - 7 scrolls of identify
 E - a scroll of vulnerability {unknown}
Potions
 e - 2 potions of might
 g - 2 potions of degeneration {unknown}
 j - a potion of brilliance {unknown}
 k - 2 potions of haste {unknown}
 l - a potion of cancellation {unknown}
 m - 3 potions of curing {unknown}
 n - 2 potions of lignification {unknown}
 t - 3 potions of invisibility {unknown}
 z - 3 potions of mutation {unknown}
 H - a potion of flight {unknown}
Books
 b - a book of Minor Magic

   Spells                             Type                      Level
   a - Magic Dart                     Conjuration                  1
   b - Blink                          Translocation                2
   c - Call Imp                       Summoning                    2
   d - Slow                           Hexes                        2
   e - Conjure Flame                  Conjuration/Fire             3
   f - Mephitic Cloud                 Conjuration/Poison/Air       3
 p - a book of Power

   Spells                             Type                      Level
   a - Iskenderun's Battlesphere      Conjuration/Charms           5
   b - Venom Bolt                     Conjuration/Poison           5
   c - Bolt of Magma                  Conjuration/Fire/Earth       5
   d - Iron Shot                      Conjuration/Earth            6
   e - Orb of Destruction             Conjuration                  7
   f - Spellforged Servitor           Conjuration/Summoning        7
 v - a book of Cantrips

   Spells                             Type                      Level
   a - Confusing Touch                Hexes                        1
   b - Animate Skeleton               Necromancy                   1
   c - Summon Small Mammal            Summoning                    1
   d - Apportation                    Translocation                1
Comestibles
 c - 4 bread rations
 f - 6 meat rations
 h - 2 royal jellies


   Skills:
 - Level 2.0 Fighting
 - Level 2.0 Dodging
 - Level 2.6 Stealth
 - Level 7.2 Spellcasting
 + Level 9.8 Conjurations
 - Level 1.0 Summonings
 - Level 1.0 Translocations
 - Level 3.0 Poison Magic
 * Level 1.3 Invocations


You had 14 spell levels left.
You knew the following spells:

 Your Spells              Type           Power        Failure   Level  Hunger
a - Magic Dart            Conj           ####         1%          1    None
b - Call Imp              Summ           ##......     7%          2    None
c - Blink                 Tloc           N/A          7%          2    None
d - Mephitic Cloud        Conj/Pois/Air  ####....     3%          3    None


Dungeon Overview and Level Annotations

Branches:
Dungeon (8/15)             Temple (1/1) D:5
   Lair: D:8-11

Altars:
Ashenzari
Cheibriados
Dithmenos
Elyvilon
Fedhas
Gozag
Hepliaklqana
Kikubaaqudgha
Makhleb
Nemelex Xobeh
Okawaru
Qazlal
Ru
Sif Muna
Trog
Uskayaw
Vehumet
Xom
Yredelemnul
Zin
The Shining One

Shops:
D:5 [


Innate Abilities, Weirdness & Mutations

You cannot wear most types of armour.
You are very stealthy in the water. (Stealth+)
You are amphibious.
You can wear up to eight rings at the same time.
You can use your tentacles to constrict eight enemies at once.
Your skin changes colour to match your surroundings (Stealth+).
Your rubbery body absorbs attacks. (AC +1, EV +1)


Message History

Casting: Mephitic Cloud
Confirm with . or Enter, or press ? or * to list all spells.
Aiming: Mephitic Cloud
Press: ? - help, Shift-Dir - straight line, f/p - two-headed ogre
Aim: a two-headed ogre, wielding two giant clubs (lightly wounded)
The ball explodes into a vile cloud!
The stinking cloud engulfs the two-headed ogre.
The two-headed ogre is lightly wounded.
The two-headed ogre is engulfed in noxious fumes.
The two-headed ogre appears confused.
The two-headed ogre is engulfed in noxious fumes.
The two-headed ogre appears confused.
You catch the helpless two-headed ogre completely off-guard!
You hit the two-headed ogre.
The two-headed ogre is lightly wounded.
The two-headed ogre is engulfed in noxious fumes.
The two-headed ogre hits you with a giant club!!
* * * LOW HITPOINT WARNING * * *
The two-headed ogre hits you with a giant club!
You die...

##################.#
################...######
..Y.....................>#
################.#######.#
#.### #.#.. ##### #.#.#
....# #.#.# ....# #@#.#
....# #O#.# #####
#.#.###.#.# # ##'#.......#
# #..ยง####.### # #......#
## .. #....#.# .#....
#....#.# .'!... ##.#.#.#


You could see a two-headed ogre (confused).

Vanquished Creatures
  A hornet (D:7)
  A hippogriff (D:7)
  2 wyverns
  An orc warrior (D:7)
  A phantom (D:4)
  5 ogres
  A crocodile (Sewer)
  4 centaurs
  A bullfrog (D:7)
  3 scorpions
  2 howler monkeys (D:7)
  2 crimson imps (D:7)
  A bullfrog zombie (D:5)
  2 centaur zombies
  2 hounds (D:5)
  An orc priest (D:7)
  2 jellies
  An orc wizard (D:7)
  2 bullfrog skeletons
  An iguana (D:7)
  A worker ant (D:5)
  A killer bee zombie (D:7)
  2 hound zombies (D:4)
  A mummy (D:7)
  A worker ant zombie (D:4)
  A howler monkey skeleton (D:4)
  3 adders
  A river rat (D:5)
  2 shadow imps
  2 oozes
  An adder skeleton (D:4)
  An adder zombie (D:4)
  A worm (D:4)
  3 dart slugs (D:2)
  3 leopard geckos
  16 orcs
  2 ball pythons
  6 giant cockroaches
  10 goblins
  5 hobgoblins
  3 jackals
  13 kobolds
  2 bats
  6 frilled lizards
  2 hobgoblin zombies (D:7)
  A leopard gecko zombie (D:4)
  2 quokka skeletons
  10 rats
138 creatures vanquished.

Vanquished Creatures (collateral kills)
  An ogre (D:3)
  A bullfrog (D:6)
  A wyvern zombie (D:8)
  A howler monkey (D:7)
  A crimson imp (D:7)
  3 jellies (D:6)
  A centaur skeleton (D:4)
  2 adders
  A shadow imp (D:7)
  2 oozes (D:6)
  A worm (D:4)
  A dart slug (D:3)
  2 kobolds (D:6)
  A rat (D:3)
19 creatures vanquished.

Vanquished Creatures (others)
  10 fungi (D:6)
  7 toadstools (D:6)
17 creatures vanquished.

Grand Total: 174 creatures vanquished

Notes
Turn   | Place    | Note
-------+----------+-------------------------------------------
     0 | D:1      | Folque the Octopode Wizard began the quest for the Orb.
     0 | D:1      | Reached XP level 1. HP: 11/11 MP: 4/4
   182 | D:1      | Reached skill level 1 in Fighting
   182 | D:1      | Reached XP level 2. HP: 18/18 MP: 6/6
   312 | D:1      | Learned a level 2 spell: Call Imp
   315 | D:1      | Learned a level 2 spell: Blink
   970 | D:2      | Reached XP level 3. HP: 24/24 MP: 7/7
  1012 | D:2      | Learned a level 3 spell: Mephitic Cloud
  1353 | D:2      | Reached skill level 1 in Poison Magic
  1492 | D:2      | Reached XP level 4. HP: 26/29 MP: 2/9
  1741 | D:3      | Noticed an ogre
  1767 | D:3      | Killed an ogre
  1767 | D:3      | Reached XP level 5. HP: 21/34 MP: 2/10
  2008 | D:3      | Found a radiant altar of Vehumet.
  2148 | D:4      | Reached skill level 2 in Conjurations
  2723 | D:4      | Noticed a phantom
  2772 | D:4      | Killed a phantom
  2772 | D:4      | Reached skill level 3 in Conjurations
  2772 | D:4      | Reached XP level 6. HP: 36/39 MP: 5/12
  2933 | D:4      | Reached skill level 4 in Conjurations
  3151 | D:4      | Reached XP level 7. HP: 23/45 MP: 5/14
  3384 | D:5      | Entered Level 5 of the Dungeon
  3384 | D:5      | Found a staircase to the Ecumenical Temple.
  3393 | Temple   | Entered the Ecumenical Temple
  3491 | Temple   | Became a worshipper of Sif Muna the Loreminder
  3850 | D:5      | Found a glowing drain.
  3867 | Sewer    | Entered a sewer
  4008 | Sewer    | Reached skill level 5 in Conjurations
  4161 | D:5      | Reached skill level 5 in Spellcasting
  4406 | D:5      | Found Mofie's Armour Emporium.
  4687 | D:5      | Found a shadowy altar of Dithmenos.
  5062 | D:6      | Reached * piety under Sif Muna
  5090 | D:6      | Noticed a slime creature
  5260 | D:5      | Reached skill level 6 in Conjurations
  5705 | D:6      | Reached XP level 8. HP: 49/50 MP: 11/16
  6785 | D:7      | Reached skill level 7 in Conjurations
  7124 | D:7      | Found a sand-covered staircase.
  7129 | D:7      | Noticed a hippogriff
  7164 | D:7      | Reached ** piety under Sif Muna
  7181 | D:7      | Killed a hippogriff
  7181 | D:7      | Reached skill level 8 in Conjurations
  7765 | D:7      | Noticed a hornet
  7766 | D:7      | Reached XP level 9. HP: 52/54 MP: 15/18
  7794 | D:7      | Killed a hornet
  7813 | D:7      | Reached skill level 9 in Conjurations
  8359 | D:7      | Reached *** piety under Sif Muna
  8950 | D:8      | Found a burning altar of Makhleb.
  9044 | D:8      | Noticed a two-headed ogre
  9090 | D:8      | Reached skill level 1 in Invocations
  9205 | D:8      | Mangled by a two-headed ogre

Skill      XL: |  1  2  3  4  5  6  7  8  9 |
---------------+----------------------------+-----
Fighting       | 1 2 |  2.0
Poison Magic   | 1 2 3 |  3.0
Spellcasting   | 4 5 6 7 |  7.2
Conjurations   | 3 4 6 8 9 |  9.8
Invocations    | 1 |  1.3
Dodging        | |  2.0
Stealth        | |  2.6
Summonings     | |  1.0
Translocations | |  1.0

Action                   |  1- 3 |  4- 6 |  7- 9 || total
-------------------------+-------+-------+-------++-------
Melee: Unarmed           |    16 |       |       ||    16
       Short sword       |    70 |       |       ||    70
       Constrict         |    25 |    16 |    58 ||    99
       Tentacles         |    13 |    13 |    34 ||    60
       Spear             |    11 |    57 |    48 ||   116
       Quarterstaff      |       |    51 |   238 ||   289
Throw: Javelin           |       |       |     5 ||     5
 Cast: Magic Dart        |     4 |     4 |    50 ||    58
       Call Imp          |     2 |    13 |    52 ||    67
       Mephitic Cloud    |       |     6 |    39 ||    45
       Blink             |       |     2 |    24 ||    26
Invok: Divine Energy     |       |       |     1 ||     1
Evoke: Wand              |       |       |     5 ||     5
  Use: Scroll            |     2 |     4 |     6 ||    12
       Potion            |       |       |     3 ||     3
 Stab: Sleeping          |    10 |     3 |     4 ||    17
       Confused          |       |       |    12 ||    12
  Eat: Chunk             |     2 |     4 |    13 ||    19
       Royal jelly       |       |       |     1 ||     1
       Fruit             |       |       |     1 ||     1
       Meat ration       |       |       |     1 ||     1
Armor: Skin              |     4 |     3 |     8 ||    15
Dodge: Dodged            |    53 |    43 |   192 ||   288
